 Dungeon Crawl Stone Soup version 0.18-a0-1748-g7377c14 (webtiles) character file.

19667 dobroeutro the Blocker (level 12, -6/77 HPs)
             Began as a Gargoyle Fighter on Apr 12, 2016.
             Was the Champion of Okawaru.
             Killed from afar by a tengu reaver (27 damage)
             ... with a bolt of acid
             ... on level 13 of the Dungeon.
             The game lasted 00:29:34 (10428 turns).

dobroeutro the Blocker (Gargoyle Fighter)          Turns: 10428, Time: 00:29:34

Health: -6/77      AC: 29    Str: 28    XL:     12   Next: 71%
Magic:  12/12      EV: 10    Int:  9    God:    Okawaru [******]
Gold:   407        SH: 14    Dex: 10    Spells: 0 memorised, 11 levels left

rFire  . . .     SeeInvis .     P - +5 eveningstar of the Pyrrhic Victory {crush, *Rage +Inv rPois rN+++}
rCold  + . .     Gourm    .     K - +2 plate armour {rC+}
rNeg   + + +     Faith    .     c - +0 shield
rPois  ∞         Spirit   .     a - +0 helmet
rElec  +         Dismiss  .     E - +1 cloak
rCorr  .         Reflect  .     (no gloves)
SustAt .         Harm     .     F - +0 pair of boots
MR     .....     Rnd*Rage +     s - amulet of regeneration
Stlth  ..........               H - +3 ring of evasion
                                V - +4 ring of strength

@: exhausted, corroded, very slightly contaminated, slowed, invisible, very
slow, not resistant to hostile enchantments, extremely unstealthy
A: fangs 1, molten scales 1, thin metallic scales 1, mutation resistance 1,
negative energy resistance 1, electricity resistance, unbreathing, petrification
resistance, rot immunity, MP-powered wands, AC +8
a: Heroism, Finesse, Renounce Religion


You were on level 13 of the Dungeon.
You worshipped Okawaru.
Okawaru was exalted by your worship.
You were hungry.

You visited 2 branches of the dungeon, and saw 14 of its levels.

You collected 452 gold pieces.
You spent 45 gold pieces at shops.

Inventory:

Hand Weapons
 A - a +0 flail of protection
 P - the +5 eveningstar of the Pyrrhic Victory (weapon) {crush, *Rage +Inv rPois rN+++}
   (Okawaru gifted it to you on level 11 of the Dungeon)

   It inflicts extra damage upon your enemies.
   It protects you from poison.
   It renders you almost immune to negative energy.
   It lets you turn invisible.
   It may make you go berserk in combat.
Missiles
 m - 5 exploding tomahawks (quivered)
Armour
 a - a +0 helmet (worn)
 c - a +0 shield (worn)
 l - a +2 ring mail of fire resistance
 E - a +1 cloak (worn)
 F - a +0 pair of boots (worn)
 K - a +2 plate armour of cold resistance (worn)
Jewellery
 s - an amulet of regeneration (around neck)
 H - a +3 ring of evasion (right hand)
 U - an uncursed ring of protection from fire
 V - a +4 ring of strength (left hand)
 W - an uncursed ring of resist corrosion
Wands
 w - a wand of disintegration (18/24)
 C - a wand of enslavement (4/24)
 D - a wand of digging (17/24)
 M - a wand of polymorph (5/24)
 O - a wand of slowing (17/48)
Scrolls
 b - 7 scrolls of magic mapping
 h - 4 scrolls of recharging {unknown}
 k - 5 scrolls of remove curse {unknown}
 n - 3 scrolls of immolation {unknown}
 o - 2 scrolls of noise {unknown}
 r - 6 scrolls of teleportation {unknown}
 t - 2 scrolls of fog {unknown}
 x - 4 scrolls of enchant weapon {unknown}
 y - 6 scrolls of fear {unknown}
 L - a scroll of silence {unknown}
 N - a scroll of amnesia {unknown}
 Q - a scroll of blinking {unknown}
 S - a scroll of identify
Potions
 d - a potion of might
 e - 2 potions of invisibility
 p - 3 potions of curing
 q - 5 potions of brilliance
 u - 2 potions of heal wounds
 v - a potion of haste
 z - 2 potions of resistance
 B - a potion of flight
 G - a potion of cancellation
 J - 2 potions of degeneration
 T - a potion of cure mutation {unknown}
 X - a potion of berserk rage {unknown}
Comestibles
 f - 12 bread rations
 g - 7 meat rations
 i - 23 chunks of flesh
 j - 9 fruits
 I - a slice of pizza
 R - a royal jelly


   Skills:
 + Level 9.8 Fighting
 + Level 11.5 Maces & Flails
 + Level 9.2 Armour
 + Level 14.0 Shields
 + Level 0.7 Invocations


You had 11 spell levels left.
You didn't know any spells.

Dungeon Overview and Level Annotations

Branches:
Dungeon (13/15)            Temple (1/1) D:4            Lair (0/8) D:11
    Orc (0/2) D:11
 Vaults: D:13-14

Altars:
Ashenzari
Cheibriados
Elyvilon
Gozag
Kikubaaqudgha
Makhleb
Nemelex Xobeh
Okawaru
Pakellas
Ru
Sif Muna
Trog
Vehumet
Xom
Zin
The Shining One

Shops:
D:7 ?   D:11 :

Annotations:
D:3 crauler's ghost, amateur NaGl
D:8 Maurice


Innate Abilities, Weirdness & Mutations

You are resistant to torment.
Your stone body is resilient (AC +8).
You are immune to poison.
You resist negative energy.
You are resistant to electric shocks.
You can survive without breathing.
You are immune to petrification.
You are immune to rotting.
You have very sharp teeth.
You are partially covered in molten scales (AC +1).
You are partially covered in thin metallic scales (AC +2).
You are somewhat resistant to further mutation.
You expend magic power (3 MP) to strengthen your wands.


Message History

The tengu reaver claws you but does no damage.
The hill giant hits you with a giant spiked club!
Drink which item? (? for menu, Esc to quit)
Okay, then.
Press: ? - help, v - describe, . - travel, g - get item
Here: a hill giant, wielding a giant spiked club A giant club.
There is something else lying underneath.
The floor, spattered with blood.
Drink which item? (? for menu, Esc to quit)
You fade into invisibility!
You block the fire giant's attack. You block the tengu reaver's attack. x2
The tengu reaver claws you but does no damage.
The hill giant hits you with a giant spiked club!
* * * LOW HITPOINT WARNING * * *
You are very lightly contaminated with residual magic.
You block the fire giant's attack.
The tengu reaver gestures at you while chanting.
The bolt of acid hits you!
You die...

##(..## ##(..##
###.....###
#####.).......#####
###.................####
........*..............#
.......$...............#
...................))...
.......@......[........#
.................[.....#
#.......QC)...........##
######...C.......######
#####...##### #...#
##.## #.# #.#


You could see a fire giant, a tengu reaver, a hill giant and a battlesphere.

Vanquished Creatures
  A frost giant (D:13)
  Erolcha (D:9)
  4 hill giants
  An ugly thing (D:13)
  A manticore (D:12)
  A cyclops (D:13)
  Joseph (D:8)
  2 centaur skeletons
  4 centaur zombies
  3 trolls
  A tengu conjurer (D:13)
  2 two-headed ogres
  A spriggan (D:12)
  17 yaks
  3 wraiths
  2 wyverns
  2 hungry ghosts
  2 hippogriffs
  5 vampire mosquitoes (D:13)
  A mottled dragon (D:11)
  A soldier ant (D:13)
  3 water moccasins
  6 orc warriors
  An eye of draining (D:11)
  3 sky beasts
  3 black bears
  8 ogres
  A phantom (D:8)
  An ice beast (D:9)
  7 centaurs
  3 crocodiles
  A crocodile (shapeshifter) (D:13)
  3 big kobolds
  5 giant frogs
  2 gnoll sergeants
  A wyvern zombie (D:11)
  A wyvern skeleton (D:13)
  13 killer bees
  6 wights (D:7)
  7 crimson imps
  3 howler monkeys
  A wasp zombie (D:9)
  3 giant frog zombies
  4 quasits
  3 jellies
  A giant frog skeleton (D:7)
  9 orc priests
  An iguana (D:8)
  Terence (D:2)
  12 orc wizards
  12 worker ants
  A killer bee zombie (D:7)
  A worker ant zombie (D:8)
  A howler monkey zombie (D:5)
  13 gnolls
  11 adders
  6 shadow imps
  2 oozes
  An adder zombie (D:9)
  2 adder skeletons
  2 worms (D:2)
  3 giant geckos
  47 orcs
  2 ball pythons
  5 giant cockroaches
  9 goblins
  12 hobgoblins
  5 jackals
  6 quokkas
  7 bats
  6 giant newts
  A jackal zombie (D:8)
  20 kobolds
  9 rats
353 creatures vanquished.

Vanquished Creatures (others)
  A kobold (D:11)
1 creature vanquished.

Grand Total: 354 creatures vanquished

Notes
Turn   | Place    | Note
--------------------------------------------------------------
     0 | D:1      | dobroeutro the Gargoyle Fighter began the quest for the Orb.
     0 | D:1      | Reached XP level 1. HP: 14/14 MP: 1/1
   171 | D:1      | Reached XP level 2. HP: 19/19 MP: 2/2
   567 | D:2      | Noticed Terence
   574 | D:2      | Killed Terence
   574 | D:2      | Reached XP level 3. HP: 19/23 MP: 3/3
   619 | D:2      | Found a shimmering altar of Xom.
   715 | D:2      | Reached XP level 4. HP: 20/28 MP: 4/4
  1523 | D:3      | Found a faded altar to an unknown god.
  1554 | D:3      | Reached skill level 4 in Shields
  1679 | D:3      | Noticed crauler's ghost (amateur NaGl)
  1691 | D:3      | HP: 1/29 [crauler's ghost (9)]
  1803 | D:3      | Found a sacrificial altar of Ru.
  1862 | D:3      | Reached XP level 5. HP: 32/33 MP: 5/5
  1898 | D:3      | Found a shattered altar of Ashenzari.
  2171 | D:3      | Reached skill level 5 in Armour
  2219 | D:3      | Reached XP level 6. HP: 38/38 MP: 6/6
  2346 | D:4      | Found an ancient bone altar of Kikubaaqudgha.
  2660 | D:4      | Found a deep blue altar of Sif Muna.
  2785 | D:4      | Found a staircase to the Ecumenical Temple.
  3007 | Temple   | Entered the Ecumenical Temple
  3090 | Temple   | Became a worshipper of Warmaster Okawaru
  3121 | D:5      | Entered Level 5 of the Dungeon
  3441 | D:5      | Reached XP level 7. HP: 44/44 MP: 7/7
  3667 | D:5      | Reached skill level 5 in Shields
  3971 | D:5      | Found a glowing golden altar of the Shining One.
  4408 | D:6      | Reached skill level 5 in Fighting
  4408 | D:6      | Reached skill level 5 in Maces & Flails
  4519 | D:6      | Reached * piety under Okawaru
  4529 | D:6      | Reached XP level 8. HP: 46/49 MP: 8/8
  4589 | D:6      | Reached skill level 6 in Shields
  5073 | D:7      | Reached skill level 7 in Shields
  5133 | D:7      | Reached ** piety under Okawaru
  5239 | D:7      | Reached XP level 9. HP: 50/54 MP: 9/9
  5258 | D:7      | Found a burning altar of Makhleb.
  5258 | D:7      | Found a radiant altar of Vehumet.
  5274 | D:7      | Reached skill level 8 in Shields
  5315 | D:7      | Found a bloodstained altar of Trog.
  5386 | D:7      | Found Deurphoda's Magic Scroll Shoppe.
  5399 | D:7      | Bought a scroll of magic mapping for 45 gold pieces
  5901 | D:8      | Reached *** piety under Okawaru
  5994 | D:8      | Reached skill level 9 in Shields
  6161 | D:8      | Noticed Joseph
  6201 | D:8      | Killed Joseph
  6218 | D:8      | Noticed Maurice
  6283 | D:8      | Noticed a two-headed ogre
  6297 | D:8      | Killed a two-headed ogre
  6297 | D:8      | Reached XP level 10. HP: 57/61 MP: 7/10
  6317 | D:8      | Reached **** piety under Okawaru
  6317 | D:8      | Reached skill level 10 in Shields
  6960 | D:9      | Reached skill level 11 in Shields
  6995 | D:9      | Found a snail-covered altar of Cheibriados.
  7043 | D:9      | Reached ***** piety under Okawaru
  7317 | D:9      | Noticed Erolcha
  7379 | D:9      | Killed Erolcha
  7379 | D:9      | Reached XP level 11. HP: 37/67 MP: 11/11
  7474 | D:10     | Entered Level 10 of the Dungeon
  7520 | D:10     | Received a gift from Okawaru
  7520 | D:10     | Reached skill level 12 in Shields
  7530 | D:10     | Got a smoking short sword {god gift}
  7676 | D:10     | Identified the +6 short sword of Geczoacw {flame, Dex+4} (Okawaru gifted it to you on level 10 of the Dungeon)
  8318 | D:11     | Found a staircase to the Lair.
  8412 | D:11     | Found a staircase to the Orcish Mines.
  8602 | D:11     | Received a gift from Okawaru
  8653 | D:11     | Got an ancient eveningstar {god gift}
  8654 | D:11     | Identified the +5 eveningstar of the Pyrrhic Victory {crush, *Rage +Inv rPois rN+++} (Okawaru gifted it to you on level 11 of the Dungeon)
  8802 | D:11     | Reached skill level 13 in Shields
  8817 | D:11     | Found Tushrefec's Book Boutique.
  9143 | D:12     | Reached skill level 10 in Maces & Flails
  9200 | D:12     | Noticed a hill giant
  9205 | D:12     | Killed a hill giant
  9235 | D:12     | Noticed a manticore
  9241 | D:12     | Killed a manticore
  9299 | D:12     | Noticed a hill giant
  9306 | D:12     | Killed a hill giant
  9306 | D:12     | Reached XP level 12. HP: 75/75 MP: 12/12
  9469 | D:12     | Reached ****** piety under Okawaru
  9832 | D:12     | Got an iridescent hand axe
  9833 | D:12     | Identified the +4 hand axe "Xomuthudwa" {drain, rC+ Int+2 SInv} (You found it on level 12 of the Dungeon)
  9850 | D:12     | Received a gift from Okawaru
 10200 | D:13     | Gained mutation: You are partially covered in thin metallic scales (AC +2). [potion of mutation]
 10200 | D:13     | Gained mutation: You are partially covered in rough black scales (AC +4, Dex -1). [potion of mutation]
 10201 | D:13     | Gained mutation: You are partially covered in molten scales (AC +1). [potion of mutation]
 10201 | D:13     | Gained mutation: You have very sharp teeth. [potion of mutation]
 10201 | D:13     | Gained mutation: You expend magic power (3 MP) to strengthen your wands. [potion of mutation]
 10202 | D:13     | Gained mutation: You are somewhat resistant to further mutation. [potion of mutation]
 10301 | D:13     | Lost mutation: You are partially covered in rough black scales (AC +4, Dex -1). [mutagenic meat]
 10324 | D:13     | Got a pitted ring mail
 10335 | D:13     | Identified the +0 ring mail of Modesty {+Fly} (You found it on level 13 of the Dungeon)
 10350 | D:13     | Noticed a frost giant
 10363 | D:13     | Killed a frost giant
 10363 | D:13     | Received a gift from Okawaru
 10407 | D:13     | Noticed a tengu reaver
 10410 | D:13     | Noticed a fire giant
 10412 | D:13     | Reached skill level 14 in Shields
 10428 | D:13     | Killed from afar by a tengu reaver

Vault maps used:
D:1:      minmay_arrival_plants_in_alcoves
D:2:      old_standard_altar, minmay_misc_feat_nine_boxes, uniq_terence
D:3:      ashenzari_altar_1, lemuel_round_altar, ecumenical_altar_1,
          serial_bayou_crossing
D:4:      kiku_gazebo_garden_becter, led_sif_book,
          minmay_temple_entry_nine_rooms, kennysheep_small_square
D:5:      tso_altar, first_bread
D:6:      kennysheep_generic_room_12
D:7:      hangedman_cross_stitches, grunt_temple_overflow_lords_of_destruction,
          bloody_trog, serial_shops, nicolae_shop_waterfront
D:8:      uniq_maurice, uniq_joseph
D:9:      cheibriados_altar_1, uniq_erolcha
D:11:     dpeg_oklobed_lair, orc_0_dummy, serial_shops, nicolae_shop_trees
D:12:     the_bakery
D:13:     thingy_vault, spider_trap, minmay_misc_feat_doors
Temple:   chambers_temple_10

Skill      XL: |  1  2  3  4  5  6  7  8  9 10 11 12 |
---------------+-------------------------------------+-----
Armour         | 4 5 6 7 8 9 |  9.2
Shields        | 4 5 7 9 11 13 14 | 14.0
Fighting       | 4 5 6 7 8 9 |  9.8
Maces & Flails | 3 4 5 6 7 9 10 11 | 11.5
Invocations    | |  0.7

Action                   |  1- 3 |  4- 6 |  7- 9 | 10-12 || total
-------------------------+-------+-------+-------+-------++-------
Melee: Flail             |    69 |   109 |   626 |   797 ||  1601
       Whip              |    10 |   173 |       |       ||   183
       Eveningstar       |       |       |       |   250 ||   250
       Bite              |       |       |       |     5 ||     5
Invok: Heroism           |       |       |     1 |     3 ||     4
  Use: Scroll            |       |       |       |    10 ||    10
       Potion            |       |       |       |     6 ||     6
  Eat: Chunk             |       |     7 |    10 |    35 ||    52
       Beef jerky        |       |       |     1 |       ||     1
       Fruit             |       |       |     1 |       ||     1
       Bread ration      |       |       |       |     1 ||     1
Armor: Ring mail         |    42 |   149 |   378 |    68 ||   637
       Scale mail        |     4 |       |       |       ||     4
       Plate armour      |       |       |       |   543 ||   543
Dodge: Dodged            |    18 |    79 |   306 |   454 ||   857
Block: Shield            |    37 |   117 |   384 |   886 ||  1424
